 Dungeon Crawl Stone Soup version 0.29.0-7-g18a832c13a (webtiles) character file.

Game seed: 3151447039688495358

2 sanka the Stinger (level 1, 0/13 HPs)
             Began as a Palentonga Venom Mage on Aug 31, 2022.
             Slain by a hobgoblin (4 damage)
             ... on level 1 of the Dungeon.
             The game lasted 00:00:23 (170 turns).

sanka the Stinger (Palentonga Venom Mage)            Turns: 170, Time: 00:00:24

Health: 0/13       AC:  4    Str: 13    XL:     1   Next: 33%
Magic:  3/3        EV: 10    Int: 15    God:
Gold:   0          SH:  0    Dex: 16    Spells: 3/4 levels left

rFire   . . .      SeeInvis +   (no weapon)
rCold   . . .      Faith    .   (no shield)
rNeg    . . .      Spirit   .   a - +0 robe
rPois   .          Reflect  .   (no helmet)
rElec   .          Harm     .   (no cloak)
rCorr   +          Rampage  .   (no gloves)
Will    .....                   (no barding)
Stlth   ++........              (no amulet)
HPRegen 0.04/turn               g - ring of resist corrosion
MPRegen 0.08/turn               f - +6 ring of dexterity

@: no status effects
A: large, rugged brown scales 3, see invisible, deformed body, roll 1, armoured
tail
a: Rolling Charge


You were on level 1 of the Dungeon.
You visited 1 branch of the dungeon, and saw 1 of its levels.


Innate Abilities, Weirdness & Mutations

You are completely covered in rugged brown scales. (AC +3, +7% HP)
You have supernaturally acute eyesight. (SInv)
Armour fits poorly on your strangely shaped body.
You can roll at nearby foes to attack.
You have a long armoured tail.


   Skills:
 - Level 1.5 Dodging
 - Level 1.2 Stealth
 - Level 2.0 Spellcasting
 - Level 1.0 Transmutations
 + Level 2.6 Poison Magic


You had 3 spell levels left.
You knew the following spells:

 Your Spells              Type           Power      Damage    Failure   Level
z - Sting                 Tmut/Pois      24%        1d4       11%         1

Your spell library contained the following spells:

 Spells                   Type           Power      Damage    Failure   Level
 Poisonous Vapours        Pois/Air       10%        N/A       21%         2
 Slow                     Hex            4%         N/A       22%         1
 Mephitic Cloud           Conj/Pois/Air  4%         N/A       43%         3
 Confusing Touch          Hex            1%         N/A       54%         3
 Vampiric Draining        Necr           1%         2d6       54%         3
 Olgreb's Toxic Radiance  Pois           9%         N/A       58%         4

Inventory:

Armour
 a - a +0 robe (worn)
Jewellery
 f - a +6 ring of dexterity (right hand)
 g - a ring of resist corrosion (left hand)
Scrolls
 d - a scroll of teleportation {unknown}
 e - a scroll of immolation {unknown}
Potions
 b - a potion of magic
 c - 3 potions of haste {unknown}

Dungeon Overview and Level Annotations

Branches:
Dungeon (1/15)

Altars:

▒.▒▒▒▒▒▒▒ ▒ ▒.▒ ..
▒▒▒▒▒▒▒.▒▒ ..▒
.........▒▒ ..
▒▒▒▒▒▒▒..†▒▒▒▒▒▒▒▒.▒
▒.▒>.........▒
▒.▒▒▒▒▒▒▒.▒▒▒▒ ▒.▒
▒▒▒▒▒.▒▒▒▒ ..▒
▒gH......▒ ▒.▒
▒.....†..▒ ▒▒▒
▒+▒▒..£..▒ ▒.....▒
▒.....▒ ▒.....▒
▒.....▒ ▒▒▒▒▒▒▒


You could see a hobgoblin.


Message History

You hit the rat but do no damage. You tail-slap the rat.
You kill the rat!
The hobgoblin shouts!
The hobgoblin hits you but does no damage.
You hit the hobgoblin.
The hobgoblin is heavily wounded.
The hobgoblin barely misses you.
You completely miss the hobgoblin.
The hobgoblin is heavily wounded.
The hobgoblin hits you but does no damage.
You closely miss the hobgoblin.
The hobgoblin is heavily wounded.
The hobgoblin closely misses you.
You hit the hobgoblin.
The hobgoblin is severely wounded.
The hobgoblin hits you.
You barely miss the hobgoblin.
The hobgoblin is severely wounded.
The hobgoblin hits you.
* * * LOW HITPOINT WARNING * * *
You barely miss the hobgoblin.
The hobgoblin is heavily wounded.
The hobgoblin hits you.
* * * LOW HITPOINT WARNING * * *
You barely miss the hobgoblin.
Your tail-slap misses the hobgoblin.
The hobgoblin is heavily wounded.
The hobgoblin hits you.
You die...

Action                   || total
-------------------------++-------
Melee: Unarmed           ||    16
       Tailslap          ||     2
 Cast: Sting             ||     1
Armor: Robe              ||     4
Dodge: Dodged            ||     5

Levels and vault maps discovered:
D:1:      roderic_crossed_star, layout_basic, serial_shops,
          nicolae_shop_crystal, shapermc_ecumenical_altar_mp_ritualfount,
          nrook_uturn

Notes
Turn   | Place    | Note
-------+----------+-------------------------------------------
     0 | D:1      | sanka the Palentonga Venom Mage began the quest for the
                  | Orb.
     0 | D:1      | Reached XP level 1. HP: 13/13 MP: 3/3
   170 | D:1      | Slain by a hobgoblin

Vanquished Creatures
  A ball python (D:1)
  2 rats (D:1)
3 creatures vanquished.
